 Dungeon Crawl Stone Soup version 0.20.1-1-g8b1a95d (webtiles) character file.

260 Nachka the Chucker (level 5, -1/49 HPs)
             Began as a Troll Hunter on Sept 14, 2017.
             Slain by Duvessa
             ... wielding a +0 short sword
              (11 damage)
             ... on level 4 of the Dungeon on Sept 15, 2017.
             The game lasted 00:47:37 (3268 turns).

Nachka the Chucker (Troll Hunter)                   Turns: 3268, Time: 00:47:38

Health: -1/49      AC:  5    Str: 20    XL:     5   Next: 95%
Magic:  4/4        EV:  7    Int:  7    God:
Gold:   202        SH:  7    Dex: 11    Spells: 4/4 levels left

rFire    . . .     SeeInvis .     - Unarmed
rCold    . . .     Gourm    +   s - +0 shield
rNeg     . . .     Faith    .   b - +0 robe
rPois    .         Spirit   .   (helmet restricted)
rElec    .         Reflect  .   (no cloak)
rCorr    +         Harm     .   (gloves unavailable)
MR       .....                  (boots unavailable)
Stlth    +.........             (no amulet)
Regen    0.6/turn               y - ring of resist corrosion
MPRegen  0.1/turn               (no ring)

@: very slightly contaminated, hasted, very quick
A: unfitting armour, claws 3, fast metabolism 3, gourmand, regeneration 1,
shaggy fur 1, tough skin 2
a: no special abilities


You were on level 4 of the Dungeon.
You were not hungry.

You visited 1 branch of the dungeon, and saw 4 of its levels.

You collected 202 gold pieces.

Inventory:

Hand Weapons
 a - a +0 short sword
 r - a +0 hunting sling
 x - a +0 war axe
 H - a +2 dagger of chaos
 J - a +2 falchion of flaming
 K - a +2 short sword of protection
Missiles
 c - 6 large rocks (quivered)
 i - 30 bolts
 l - 63 stones
 m - 21 sling bullets
 I - 8 curare-tipped needles
Armour
 b - a +0 robe (worn)
 s - a +0 shield (worn)
Magical Staves
 D - an uncursed staff of poison {unknown}
Jewellery
 y - a ring of resist corrosion (left claw)
Scrolls
 d - 2 scrolls of remove curse {unknown}
 g - a scroll of recharging {unknown}
 k - 2 scrolls of identify
 w - a scroll of amnesia {unknown}
 A - a scroll of enchant armour {unknown}
 E - a scroll of blinking {unknown}
 F - a scroll of random uselessness {unknown}
 L - a scroll of teleportation {unknown}
Potions
 e - 2 potions of curing
 h - a potion of resistance {unknown}
 j - 2 potions of cancellation {unknown}
 o - a potion of mutation
 p - a potion of invisibility
 q - 2 potions of haste
 v - a potion of flight
 z - a potion of magic {unknown}
 B - a potion of lignification {unknown}
 C - a potion of degeneration {unknown}
 G - a potion of agility
Comestibles
 f - 4 bread rations
 n - 2 fruits
 t - a meat ration
 u - a royal jelly


   Skills:
 + Level 2.0 Fighting
 - Level 1.0 Short Blades
 + Level 4.7 Throwing
 + Level 2.4 Dodging
 + Level 0.6 Stealth
 + Level 1.0 Shields
 * Level 2.8 Unarmed Combat


You had 4 spell levels left.
You didn't know any spells.

Dungeon Overview and Level Annotations

Branches:
Dungeon (4/15)
 Temple: D:4-7

Altars:
Xom

Annotations:
D:3 Ijyb
D:4 Dowan, Duvessa, Eustachio


Innate Abilities, Weirdness & Mutations

You are too large for most types of armour.
You have claws for hands.
Your metabolism is lightning-fast.
You like to eat raw meat.
Your natural rate of healing is unusually fast.
You are covered in fur. (AC +1)
You have very tough skin. (AC +2)


Message History

Duvessa says, "I don't care about looks, I care about technique!"
Eustachio shouts!
Duvessa gestures with her weapon.
Duvessa hits you with a short sword.
* * * LOW HITPOINT WARNING * * *
Eustachio shouts!
Duvessa says, "When magic and the sword combine, nothing stands against them."
You block Duvessa's attack.
You flicker back into view.
Eustachio shouts!
Found 12 gold pieces.
You block Duvessa's attack.
You feel yourself speed up.
Dowan gestures wildly while chanting.
Dowan blinks!
You block Duvessa's attack.
Found 2 fruits and a ring mail.
Found a stone staircase leading up.
You hear some strange, mumbled words.
Duvessa hits you with a short sword!
You die...

...##
..........#.........
.....
##........@....#####
.....
...$...o......# .?..
%.##....#....#
#.....###..#
###.###.# ..## #...#
#.# .# ##e### #.[ .#
#.@# #..# #.## #..#
... ..# ###. .. .#
#. #.


You could see Duvessa and an orc.

Vanquished Creatures
  3 crimson imps (D:3)
  An orc wizard (D:3)
  5 adders
  An ooze (D:2)
  2 worms
  A dart slug (D:2)
  2 leopard geckos (D:1)
  5 orcs (D:3)
  2 ball pythons (D:1)
  11 bats
  2 giant cockroaches (D:1)
  7 goblins
  5 hobgoblins
  11 jackals
  5 kobolds
  A frilled lizard (D:2)
  6 rats
70 creatures vanquished.

Notes
Turn   | Place    | Note
-------+----------+-------------------------------------------
     0 | D:1      | Nachka the Troll Hunter began the quest for the Orb.
     0 | D:1      | Reached XP level 1. HP: 19/19 MP: 0/0
   187 | D:1      | Reached XP level 2. HP: 27/27 MP: 1/1
   447 | D:1      | Reached XP level 3. HP: 23/35 MP: 2/2
   632 | D:1      | Reached skill level 4 in Throwing
  1253 | D:2      | Reached skill level 1 in Unarmed Combat
  1353 | D:2      | Reached skill level 1 in Short Blades
  1532 | D:2      | Reached XP level 4. HP: 42/42 MP: 3/3
  2226 | D:3      | Found a shimmering altar of Xom.
  2313 | D:3      | Reached XP level 5. HP: 49/49 MP: 4/4
  2749 | D:3      | Reached skill level 1 in Shields
  3200 | D:4      | Noticed Ijyb
  3200 | D:4      | Noticed an ogre
  3216 | D:4      | Noticed a phantom
  3238 | D:4      | Noticed Duvessa
  3239 | D:4      | HP: 1/49 [ogre/giant spiked club (28)]
  3239 | D:4      | Noticed Dowan
  3251 | D:4      | Noticed Eustachio
  3268 | D:4      | Slain by Duvessa

Skill      XL: |  1  2  3  4  5 |
---------------+----------------+-----
Throwing       | 4 |  4.7
Unarmed Combat | 1 2 |  2.8
Short Blades   | 1 |  1.0
Dodging        | 2 |  2.4
Shields        | 1 |  1.0
Fighting       | 2 |  2.0
Stealth        | |  0.6

Action                   |  1- 3 |  4- 6 || total
-------------------------+-------+-------++-------
Melee: Short sword       |    39 |       ||    39
       Unarmed           |    70 |    89 ||   159
Throw: Large rock        |    43 |    27 ||    70
       Throwing net      |     3 |     1 ||     4
       Stone             |     4 |     8 ||    12
  Use: Scroll            |     3 |     2 ||     5
       Potion            |       |     3 ||     3
  Eat: Chunk             |    19 |    11 ||    30
Armor: Robe              |    61 |    25 ||    86
Dodge: Dodged            |    71 |    33 ||   104
Block: Shield            |     7 |    29 ||    36
